 Dungeon Crawl Stone Soup version 0.23.0-3-gf3c87f2 (webtiles) character file.

Game seed: 16137697454639361792

17 Kairos the Skirmisher (level 2, 16/25 HPs)
             Began as a Formicid Abyssal Knight on Feb 24, 2019.
             Was a Follower of Lugonu.
             Quit the game on level 1 of the Dungeon.
             The game lasted 00:01:46 (737 turns).

Kairos the Skirmisher (Formicid Abyssal Knight)      Turns: 737, Time: 00:01:47

Health: 16/25      AC:  8    Str: 16    XL:     2   Next: 80%
Magic:  3/3        EV:  6    Int: 11    God:    Lugonu [*.....]
Gold:   47         SH:  0    Dex: 10    Spells: 1/1 levels left

rFire    . . .     SeeInvis +   a - +1 hand axe
rCold    . . .     Gourm    .   (no shield)
rNeg     . . .     Faith    .   j - +0 chain mail
rPois    .         Spirit   .   (helmet unavailable)
rElec    .         Reflect  .   (no cloak)
rCorr    .         Harm     .   (no gloves)
MR       .....                  (no boots)
Stlth    ..........             (no amulet)
HPRegen  0.08/turn              (no ring)
MPRegen  0.08/turn              (no ring)

@: no status effects
A: permanent stasis, dig shafts and tunnels, four strong arms, antennae 3
a: Dig, Shaft Self, Depart the Abyss, Renounce Religion


You were on level 1 of the Dungeon.
You worshipped Lugonu.
Lugonu was aware of your devotion.
You were not hungry.

You visited 1 branch of the dungeon, and saw 1 of its levels.
You visited the Abyss 1 time.

You collected 47 gold pieces.

Inventory:

Hand Weapons
 a - a +1 hand axe (weapon)
Armour
 b - a +0 leather armour
 j - a +0 chain mail (worn)
Wands
 f - a wand of random effects (14)
Scrolls
 i - a scroll of teleportation {unknown}
Potions
 d - a potion of mutation {unknown}
 e - a potion of ambrosia {unknown}
 g - 2 potions of lignification {unknown}
 h - a potion of curing {unknown}
Comestibles
 c - 3 rations


   Skills:
 + Level 4.0 Fighting
 + Level 2.1 Axes
 + Level 2.2 Armour
 + Level 0.8 Dodging
 + Level 0.1 Stealth
 + Level 2.2 Invocations


You had one spell level left.
You didn't know any spells.
Your spell library was empty.

Dungeon Overview and Level Annotations

Branches:
Dungeon (1/15)

Altars:


Innate Abilities, Weirdness & Mutations

You cannot be hasted, slowed, berserked, paralysed or teleported.
You can dig through walls and to a lower floor.
Your four strong arms can wield two-handed weapons with a shield.
You have a pair of large antennae on your head. (SInv)


Message History

The rat bites you. The rat bites you but does no damage.
Unknown command.
You barely miss the rat.
The rat is moderately wounded.
The rat bites you but does no damage.
You barely miss the rat.
The rat is moderately wounded.
The rat bites you but does no damage.
You hit the rat.
You kill the rat!
Lugonu accepts your kill.
No target in view!
No target in view!
Found 6 poisoned needles.
Things that are here:
a +0 dagger; a kobold corpse You see here a rat corpse.
Found a scroll labeled JIALAOLESYB.
h - a white potion Are you sure you want to abandon this character and quit the game? (Confirm with "yes".)

#.# ...... #### #.#
####.# ....
#####.#### { # #
..... #........# {#
..... #........# {
......#........####
......#.......$?...
............#.#####
....(..@...†#.### #
...........)..†.# #
...........†#.#"# #
####........#.#.# #
#........#.#.########
#.>......#.#.#.....##
##########.#.#.###...
###.#.....#...
#...###...#...


There were no monsters in sight!

Vanquished Creatures
  A leopard gecko (D:1)
  A giant cockroach (D:1)
  2 goblins (D:1)
  3 hobgoblins (D:1)
  3 bats (D:1)
  2 frilled lizards (D:1)
  4 kobolds (D:1)
  2 rats (D:1)
18 creatures vanquished.

Notes
Turn   | Place    | Note
-------+----------+-------------------------------------------
     0 | Abyss:1  | Kairos the Formicid Abyssal Knight began the quest for the
                  | Orb.
     0 | Abyss:1  | Reached XP level 1. HP: 18/18 MP: 2/2
    60 | Abyss:2  | Noticed a chaos spawn
    60 | Abyss:2  | Noticed a smoke demon
    66 | Abyss:2  | Noticed a large abomination
   100 | Abyss:2  | Noticed a tentacled starspawn
   110 | D:1      | Escaped the Abyss
   568 | D:1      | Reached XP level 2. HP: 22/25 MP: 3/3
   600 | D:1      | Reached * piety under Lugonu
   682 | D:1      | Reached skill level 4 in Fighting
   737 | D:1      | Quit the game

Skill      XL: |  1  2 |
---------------+-------+-----
Fighting       | 4 |  4.0
Axes           | |  2.1
Armour         | |  2.2
Dodging        | |  0.8
Stealth        | |  0.1
Invocations    | |  2.2

Action                   || total
-------------------------++-------
Melee: Hand axe          ||    49
Invok: Depart the Abyss  ||     1
Armor: Leather armour    ||    13
       Chain mail        ||    11
Dodge: Dodged            ||    25
